 Dungeon Crawl Stone Soup version 0.29-a0-529-gfa20dd96a1 (webtiles) character file.

Game seed: 3961206689339830067

48 hquester1 the Bolt Thrower (level 4, -17/27 HPs)
             Began as a Kobold Hunter on June 1, 2022.
             Demolished by an ogre
             ... wielding a +0 giant club
              (21 damage)
             ... on level 2 of the Dungeon.
             The game lasted 00:06:02 (1329 turns).

hquester1 the Bolt Thrower (Kobold Hunter)          Turns: 1329, Time: 00:06:03

Health: -17/27     AC:  3    Str:  8    XL:     4   Next: 0%
Magic:  4/4        EV: 15    Int: 10    God:
Gold:   138        SH:  0    Dex: 20    Spells: 3/3 levels left

rFire   . . .      SeeInvis .   e - +0 dagger
rCold   . . .      Faith    .   (no shield)
rNeg    . . .      Spirit   .   b - +0 leather armour
rPois   .          Reflect  .   (no helmet)
rElec   .          Harm     .   (no cloak)
rCorr   .          Rampage  .   (no gloves)
Will    .....                   (no boots)
Stlth   +++.......              (no amulet)
HPRegen 0.09/turn               (no ring)
MPRegen 0.09/turn               (no ring)

@: no status effects
A: small, no large weapons, nightstalker 3
a: no special abilities


You were on level 2 of the Dungeon.
You visited 1 branch of the dungeon, and saw 2 of its levels.

You collected 138 gold pieces.

Inventory:

Hand Weapons
 a - a +1 hand crossbow
 e - a +0 dagger (weapon)
Armour
 b - a +0 leather armour (worn)
Scrolls
 c - 2 scrolls of immolation
 d - 2 scrolls of identify {unknown}
 g - a scroll of fear {unknown}
 i - a scroll of amnesia {unknown}
Potions
 f - a potion of lignification {unknown}
 h - a potion of brilliance {unknown}


   Skills:
 + Level 2.8 Fighting
 + Level 5.8 Crossbows
 + Level 3.1 Dodging
 + Level 2.7 Stealth


You had 3 spell levels left.
You didn't know any spells.
Your spell library contained the following spells:

 Spells                   Type           Power      Damage    Failure   Level
 Foxfire                  Conj/Fire      0%         2x1d4     50%         1
 Ensorcelled Hibernation  Hex/Ice        0%         N/A       63%         2
 Conjure Flame            Conj/Fire      0%         6-21      86%         3
 Inner Flame              Hex/Fire       0%         N/A       86%         3
 Spider Form              Tmut/Pois      0%         N/A       86%         3
 Summon Guardian Golem    Hex/Summ       0%         N/A       86%         3
 Anguish                  Hex/Necr       0%         N/A       99%         4
 Flame Wave               Conj/Fire      0%         2d4       99%         4
 Orb of Destruction       Conj           0%         9d5       100%        7
 Spellforged Servitor     Conj/Summ      0%         N/A       100%        7


Dungeon Overview and Level Annotations

Branches:
Dungeon (2/15)

Altars:


Innate Abilities, Weirdness & Mutations

You are small and have problems with some larger weapons.
You are completely attuned to the shadows.


Message History

Found a stone staircase leading down.
Okay, then.
Found a chain mail.
A worm comes into view.
Found 16 gold pieces.
The worm moves out of view.
The worm closely misses you.
You see here a +0 chain mail.
Shoot: a) +1 hand crossbow
Press: ? - help, Q - select action Shift-Dir - straight line, f - worm
Aim: a worm (82% to hit)
You shoot a bolt. The bolt hits the worm!
The worm is heavily wounded.
Shoot: a) +1 hand crossbow
Press: ? - help, Q - select action Shift-Dir - straight line, f/p - worm
Aim: a worm (heavily wounded, 82% to hit)
You shoot a bolt. The bolt hits the worm!
You kill the worm!
You have reached level 4!
You see here a +0 chain mail.
You now have 138 gold pieces (gained 16).
Found a faded altar of an unknown god.
An ogre comes into view. It is wielding a +0 giant club.
e - a +0 dagger (weapon)
Found 4 gold pieces.
The helpless ogre fails to defend itself.
You puncture the ogre!
The ogre is heavily wounded.
The ogre hits you with a +0 giant club!!
Ouch! That really hurt!
* * * LOW HITPOINT WARNING * * *
You hit the ogre.
The ogre is heavily wounded.
The ogre closely misses you.
You hit the ogre.
The ogre is severely wounded.
You hit the ogre.
The ogre is almost dead.
The ogre hits you with a +0 giant club!!
Ouch! That really hurt!
You die...

..#####....#####...###.#.####.##.
..# ###.......................##.
...........#####.#...#.#.####.##.
.. #......## #.#.....#.# #....
+......# ####..♣PP.. +....
#......# .....♣...P♣ #....
###...# ##.#.♣P_♣P♣ #.... #...#
#.#...PP.. #.... # #@..♣...
....O...#.. $........ ##.#....#
#.#....#


You could see an ogre.

Vanquished Creatures
  An adder (D:2)
  A worm (D:2)
  A dart slug (D:1)
  2 ball pythons (D:1)
  2 endoplasms
  A giant cockroach (D:2)
  2 goblins
  2 hobgoblins
  4 jackals (D:1)
  5 kobolds (D:1)
  2 quokkas (D:1)
  3 bats (D:1)
  3 frilled lizards
  4 rats
33 creatures vanquished.

Notes
Turn   | Place    | Note
-------+----------+-------------------------------------------
     0 | D:1      | hquester1 the Kobold Hunter began the quest for the Orb.
     0 | D:1      | Reached XP level 1. HP: 12/12 MP: 1/1
   176 | D:1      | Reached XP level 2. HP: 18/18 MP: 2/2
   291 | D:1      | Reached XP level 3. HP: 16/22 MP: 3/3
  1282 | D:2      | Reached XP level 4. HP: 27/27 MP: 4/4
  1314 | D:2      | Found a faded altar of an unknown god.
  1317 | D:2      | Noticed an ogre
  1329 | D:2      | Demolished by an ogre

Illustrated notes

Levels and vault maps discovered:
D:1:      minmay_arrival_five_plusses, layout_loops_cross, minmay_misc_feat_chi,
          grunt_decor_mini_mirrors
D:2:      layout_basic, ebering_ecumenical_altar_petrified

Skill      XL: |  1  2  3 |
---------------+----------+-----
Stealth        | 2 |  2.7
Dodging        | 3 |  3.1
Fighting       | |  2.8
Crossbows      | |  5.8

Action                   |  1- 3 |  4- 6 || total
-------------------------+-------+-------++-------
Melee: Dagger            |       |     4 ||     4
 Fire: Hand crossbow     |    64 |       ||    64
 Stab: Sleeping          |       |     1 ||     1
Armor: Leather armour    |     7 |       ||     7
Dodge: Dodged            |    27 |     1 ||    28

Table legend: (Time is in decaauts)
 A = Elapsed time spent in this place.
 B = Non-inter-level travel time spent in this place.
 C = Inter-level travel time spent in this place.
 D = Time resting spent in this place.
 E = Time spent auto-exploring this place.
 F = Levels seen in this place.
 G = Mean time per level.
                   A        B        C        D        E       F      G
               +--------+--------+--------+--------+--------+-----+--------+
         Total |   1345 |   1302 |     43 |      0 |   1133 |   2 |  672.5 |
       Dungeon |   1345 |   1302 |     43 |      0 |   1133 |   2 |  672.5 |
               +--------+--------+--------+--------+--------+-----+--------+

Top non-repeatable levels by time:
     D:1: 959 daAuts
     D:2: 386 daAuts
